 Dungeon Crawl Stone Soup version 0.31-a0-188-g5e087ee2ca (webtiles) character file.

Game seed: 14020567449525562740

53 IdlyInterested the Slasher (level 3, 0/29 HPs)
             Began as a Demonspawn Fighter on June 23, 2023.
             Succumbed to a goblin's poison
             ... on level 2 of the Dungeon.
             The game lasted 00:03:51 (1200 turns).

IdlyInterested the Slasher (Demonspawn Fighter)     Turns: 1200, Time: 00:03:51

Health: 0/29       AC: 13    Str: 16    XL:     3   Next: 64%
Magic:  12/12      EV:  7    Int:  9    God:
Gold:   94         SH:  4    Dex: 14    Spells: 2/2 levels left

rFire   . . .        a - +0 long sword
rCold   . . .        c - +0 buckler
rNeg    . . .        p - +0 chain mail
rPois   .            e - +0 helmet
rElec   .            (no cloak)
rCorr   .            (no gloves)
SInv    .            j - +0 pair of boots
Will    .....        (no amulet) Stlth
                     k - ring of magical power
HPRegen 0.24/turn    (no ring)
MPRegen 0.13/turn

%: no passive effects
@: lethally poisoned (0 -> -7)
A: slimy green scales 1, foul stench 1
a: no special abilities


You were on level 2 of the Dungeon.
You visited 1 branch of the dungeon, and saw 2 of its levels.

You collected 94 gold pieces.

Inventory:

Hand Weapons
 a - a +0 long sword (weapon)
 i - a +0 short sword
Missiles
 n - 10 stones (quivered)
Armour
 c - a +0 buckler (worn)
 e - a +0 helmet (worn)
 j - a +0 pair of boots (worn)
 p - a +0 chain mail (worn)
Jewellery
 k - a ring of magical power (left hand)
Scrolls
 f - a scroll of fear
 g - a scroll of poison {unknown}
 h - a scroll of brand weapon
 l - a scroll of amnesia
 m - a scroll of fog
 o - a scroll of revelation
Potions
 b - a potion of invisibility
 d - 2 potions of might


   Skills:
 - Level 3.0 Fighting
 * Level 3.2 Long Blades
 - Level 3.0 Armour
 - Level 1.0 Dodging
 + Level 0.1 Stealth
 - Level 2.6 Shields


You had 2 spell levels left.
You didn't know any spells.
Your spell library contained the following spells:

 Spells                   Type           Power      Damage    Failure   Level
 Call Canine Familiar     Summ           0%         N/A       100%        3
 Portal Projectile        Hex/Tloc       0%         N/A       100%        3
 Leda's Liquefaction      Hex/Erth       0%         N/A       100%        4


Dungeon Overview and Level Annotations

Branches:
Dungeon (2/15)

Altars:

Shops:
D:1 (


Innate Abilities, Weirdness & Mutations

You are partially covered in slimy green scales. (AC +2)
You may rarely emit foul miasma when damaged in melee.


Message History

A goblin comes into view. It is wielding a +0 dagger of venom.
The goblin shouts!
There is an escape hatch in the ceiling here.
You see here 3 gold pieces.
You now have 94 gold pieces (gained 3).
The goblin hits you but does no damage.
You closely miss the goblin. You block the goblin's attack.
The goblin hits you but does no damage.
You barely miss the goblin. The goblin hits you but does no damage.
You are poisoned.
You barely miss the goblin.
You feel very sick. You block the goblin's attack.
You barely miss the goblin.
You feel sick.
The goblin hits you but does no damage. x2
You are more poisoned.
You barely miss the goblin.
You feel very sick. You block the goblin's attack.
You closely miss the goblin.
You feel very sick. The goblin hits you but does no damage.
You hit the goblin.
The goblin is moderately wounded.
You feel sick. The goblin hits you but does no damage.
You are more poisoned.
The goblin hits you but does no damage.
You are lethally poisoned!
You slash the goblin!
You kill the goblin!
You feel very sick.
There is a lethal amount of poison in your body!
Okay, then.
* * * LOW HITPOINT WARNING * * *
You feel very sick.
* * * LOW HITPOINT WARNING * * *
You feel very sick.
* * * LOW HITPOINT WARNING * * *
You feel sick.
You die...

.###...###........#([[#...####
#.#. ..........#####....... ##
#. # ########..............
..# .##. ##.................
#.# .## ##..................
#.##..# #...<.....#####.....
....#.# #.........# #.....
......###.####.........+
#.....
............!...@......#
#..... .†....#
....#....)....##### .<....#
... ##............# ......# .
##..........## .........
############ ......### ......#
......# ......#


There were no monsters in sight!

Vanquished Creatures
  2 adders (D:2)
  A worm (D:2)
  A dart slug (D:1)
  A ball python (D:1)
  5 endoplasms (D:1)
  2 giant cockroaches (D:1)
  4 hobgoblins
  3 kobolds
  A quokka (D:1)
  2 bats (D:1)
  2 frilled lizards
  2 goblins
  4 rats (D:1)
30 creatures vanquished.

Notes
Turn   | Place    | Note
-------+----------+-------------------------------------------
     0 | D:1      | IdlyInterested the Demonspawn Fighter began the quest for
                  | the Orb.
     0 | D:1      | Reached XP level 1. HP: 18/18 MP: 1/1
   248 | D:1      | Gained mutation: You may rarely emit foul miasma when
                  | damaged in melee. [demonic ancestry]
   248 | D:1      | Reached XP level 2. HP: 24/24 MP: 2/2
   698 | D:1      | Found Daefu's Weapon Shoppe.
   880 | D:2      | Gained mutation: You are partially covered in slimy green
                  | scales. (AC +2) [demonic ancestry]
   880 | D:2      | Reached XP level 3. HP: 24/29 MP: 3/3
  1123 | D:2      | Reached skill level 1 in Dodging
  1200 | D:2      | Succumbed to a goblin's poison

Illustrated notes

Levels and vault maps discovered:
D:1:      lemuel_arrival_cross, layout_basic, serial_shops,
          nicolae_shop_bloodbath_and_beyond
D:2:      layout_rooms, eino_tiny_chamber, hangedman_decor_points,
          due_unseen_surprise

Skill      XL: |  1  2  3 |
---------------+----------+-----
Long Blades    | 2 3 |  3.2
Armour         | 3 |  3.0
Dodging        | 1 |  1.0
Fighting       | |  3.0
Stealth        | |  0.1
Shields        | |  2.6

Action                     || total
---------------------------++-------
  Melee: Long sword        ||   102
  Throw: Stone             ||     3
    Use: Scroll            ||     5
         Potion            ||     1
 Armour: Scale mail        ||    37
         Chain mail        ||    27
  Dodge: Dodged            ||    31
  Block: Buckler           ||    25

Table legend: (Time is in decaauts)
 A = Elapsed time spent in this place.
 B = Non-inter-level travel time spent in this place.
 C = Inter-level travel time spent in this place.
 D = Time resting spent in this place.
 E = Time spent auto-exploring this place.
 F = Levels seen in this place.
 G = Mean time per level.
                   A        B        C        D        E       F      G
               +--------+--------+--------+--------+--------+-----+--------+
         Total |   1232 |    958 |    274 |     15 |    542 |   2 |  616.0 |
       Dungeon |   1232 |    958 |    274 |     15 |    542 |   2 |  616.0 |
               +--------+--------+--------+--------+--------+-----+--------+

Top non-repeatable levels by time:
     D:1: 1072 daAuts
     D:2: 160 daAuts
